 Dungeon Crawl Stone Soup version 0.31-a0-105-gc0b45f0da6 (webtiles) character file.

Game seed: 7760134151974012951

57 Colgate the Grave Robber (level 4, -2/33 HPs)
             Began as a Meteoran Necromancer on May 27, 2023.
             Succumbed to an adder's poison
             ... on level 3 of the Dungeon.
             The game lasted 00:06:39 (425 turns).

Colgate the Grave Robber (Meteoran Necromancer)      Turns: 425, Time: 00:06:40

Health: -2/33      AC:  4    Str: 10    XL:     4   Next: 41%
Magic:  11/11      EV: 12    Int: 18    God:
Gold:   52         SH:  0    Dex: 14    Spells: 3/11 levels left

rFire   . . .        g - +0 halberd
rCold   . . .        (shield currently unavailable)
rNeg    . . .        a - +0 robe
rPois   .            (no helmet)
rElec   .            i - +0 cloak
rCorr   .            (no gloves)
SInv    .            c - +0 pair of boots
Will    .....        (no amulet)
Stlth   +            (no ring)
HPRegen 0.25/turn    (no ring)
MPRegen 0.12/turn

%: no passive effects
@: lethally poisoned (-2 -> -11), glowing
A: sense surroundings 1, otherworldly, glowing, explore regen
a: no special abilities


You were on level 3 of the Dungeon.
You visited 1 branch of the dungeon, and saw 3 of its levels.

You collected 52 gold pieces.

Inventory:

Hand Weapons
 d - a +0 dagger
 f - a +0 long sword
 g - a +0 halberd (weapon)
Armour
 a - a +0 robe (worn)
 c - a +0 pair of boots (worn)
 i - a +0 cloak (worn)
 l - a +0 scale mail
Wands
 k - a wand of flame (16)
Scrolls
 h - 3 scrolls of identify {unknown}
Potions
 b - a potion of magic
 e - a potion of ambrosia {unknown}
 j - a potion of mutation {unknown}


   Skills:
 - Level 2.4 Dodging
 - Level 1.4 Stealth
 + Level 4.3 Spellcasting
 - Level 5.1 Necromancy


You had 3 spell levels left.
You knew the following spells:

 Your Spells              Type           Power      Damage    Failure   Level
a - Necrotise             Necr           88%        1d8       1%          1
b - Vampiric Draining     Necr           22%        2d7       5%          3
c - Animate Dead          Necr           22%        N/A       17%         4

Your spell library contained the following spells:

 Spells                   Type           Power      Damage    Failure   Level
 Call Canine Familiar     Summ           3%         N/A       41%         3
 Portal Projectile        Hex/Tloc       2%         N/A       47%         3
 Agony                    Necr           22%        N/A       43%         5
 Leda's Liquefaction      Hex/Erth       0%         N/A       87%         4


Dungeon Overview and Level Annotations

Branches:
Dungeon (3/15) Zot: 1352

Altars:


Innate Abilities, Weirdness & Mutations

You passively map a small area around you.
You are easily found by Zot.
You glow in the dark.
You regain HP and MP as you explore.


Message History

The frilled lizard bites you but does no damage.
The orc shouts!
You hit the frilled lizard.
You kill the frilled lizard!
An adder comes into view.
An orc comes into view. It is wielding a +0 short sword.
An orc and a bat come into view.
The orc shouts!
The orc wizard casts a spell.
The orc wizard flickers and vanishes!
Deactivating autopickup; reactivate with Ctrl-A.
The adder hisses angrily.
There is a stone staircase leading down here.
You barely miss the orc. The bat hits you but does no damage.
The orc hits you with a +0 war axe! The bat hits you but does no damage.
You closely miss the orc. The bat misses you. The bat hits you.
The orc hits you with a +0 war axe!
You hear some strange, mumbled words.
Something tries to affect you, but you resist.
You puncture the orc!
You kill the orc!
The bat hits you but does no damage. Something hits you but does no damage.
The adder bites you but does no damage. Something hits you.
You closely miss the adder. The bat hits you but does no damage.
The adder bites you. Something hits you.
The adder bites you but does no damage.
You barely miss the adder. The bat hits you. The adder bites you.
You are poisoned.
The adder poisons you! Something hits you.
* * * LOW HITPOINT WARNING * * *
The adder closely misses you.
You hit the adder.
You feel sick. The adder barely misses you. The orc completely misses you.
Something hits you.
* * * LOW HITPOINT WARNING * * *
The adder bites you.
* * * LOW HITPOINT WARNING * * *
You are more poisoned.
The adder poisons you!
You miss the adder.
You die...

####.### * ,, ###......#
,# * #........# ####.###
* #)#.##...####....... ,
, ####.#.##.....(..##.#
#*
........##..####....##.##
** ####.#..##..#
#b.†...... , ###.....)..#
#.o..##.#. #.......####
#@o.....#, #.#####)#
##So.#### #.* #...# #...#
* * ,. #...# #...# , .. *
#...#*** #...# , ###.#, ,
..... , ,...,, , ...... *
##. , ,...... . *


You could see an adder, 3 orcs and a bat.

Vanquished Creatures
  Ijyb (D:3)
  A worm (D:3)
  A dart slug (D:1)
  An orc (D:3)
  4 ball pythons
  An endoplasm (D:1)
  2 giant cockroaches (D:1)
  3 goblins
  3 hobgoblins
  2 bats
  2 frilled lizards
  3 kobolds
  2 rats
26 creatures vanquished.

Vanquished Creatures (collateral kills)
  A rat (D:1)
1 creature vanquished.

Vanquished Creatures (others)
  A rat zombie (D:3)
1 creature vanquished.

Grand Total: 28 creatures vanquished

Notes
Turn   | Place    | Note
-------+----------+-------------------------------------------
     0 | D:1      | Colgate the Meteoran Necromancer began the quest for the
                  | Orb.
     0 | D:1      | Reached XP level 1. HP: 14/14 MP: 5/5
    80 | D:1      | Reached XP level 2. HP: 20/20 MP: 1/7
   228 | D:1      | Reached XP level 3. HP: 23/26 MP: 6/9
   252 | D:2      | Learned a level 3 spell: Vampiric Draining
   325 | D:3      | Noticed Ijyb
   331 | D:3      | Killed Ijyb
   332 | D:3      | Reached skill level 5 in Necromancy
   332 | D:3      | Reached XP level 4. HP: 31/33 MP: 3/11
   337 | D:3      | Learned a level 4 spell: Animate Dead
   425 | D:3      | Succumbed to an adder's poison

Illustrated notes

Levels and vault maps discovered:
D:1:      dpeg_arrival_water_temple_mockup, layout_basic, minmay_pentomino_t4
D:2:      layout_basic, nicolae_ecumenical_oubliette, uniq_jessica, uniq_natasha
D:3:      layout_loops_cross, grunt_qazlal_clouds, uniq_ijyb

Skill      XL: |  1  2  3 |
---------------+----------+-----
Spellcasting   | 3 4 |  4.3
Necromancy     | 5 |  5.1
Dodging        | |  2.4
Stealth        | |  1.4

Action                     |  1- 3 |  4- 6 || total
---------------------------+-------+-------++-------
  Melee: Halberd           |    23 |    26 ||    49
   Cast: Necrotise         |    19 |     2 ||    21
         Vampiric Draining |     2 |       ||     2
         Animate Dead      |       |     1 ||     1
   Stab: Sleeping          |     1 |       ||     1
 Armour: Robe              |     6 |    19 ||    25
  Dodge: Dodged            |    12 |    13 ||    25

Table legend: (Time is in decaauts)
 A = Elapsed time spent in this place.
 B = Non-inter-level travel time spent in this place.
 C = Inter-level travel time spent in this place.
 D = Time resting spent in this place.
 E = Time spent auto-exploring this place.
 F = Levels seen in this place.
 G = Mean time per level.
                   A        B        C        D        E       F      G
               +--------+--------+--------+--------+--------+-----+--------+
         Total |    447 |    447 |      0 |      0 |      0 |   3 |  149.0 |
       Dungeon |    447 |    447 |      0 |      0 |      0 |   3 |  149.0 |
               +--------+--------+--------+--------+--------+-----+--------+

Top non-repeatable levels by time:
     D:1: 251 daAuts
     D:3: 122 daAuts
     D:2: 74 daAuts
